 Dungeon Crawl Stone Soup version 0.19.0-20-gbc5f0c6 (webtiles) character file.

1076 Millan the Shield-Bearer (level 8, -2/63 HPs)
             Began as a Formicid Fighter on Nov 17, 2016.
             Was an Initiate of Ashenzari.
             Killed from afar by an electric eel (9 damage)
             ... with a bolt of electricity
             ... on level 6 of the Dungeon.
             The game lasted 00:13:42 (5044 turns).

Millan the Shield-Bearer (Formicid Fighter)         Turns: 5044, Time: 00:13:44

Health: -2/63      AC: 12    Str: 21 (24) XL:     8   Next: 54%
Magic:  0/8        EV:  4    Int:  4 (7)  God:    Ashenzari [......]
Gold:   185        SH: 18    Dex:  9 (10) Spells: 0 memorised, 7 levels left

rFire  . . .     SeeInvis +     C - +3 war axe (curse)
rCold  . . .     Gourm    .     b - +0 plate armour (curse)
rNeg   + . .     Faith    .     z - +2 large shield (curse)
rPois  +         Spirit   +     (helmet unavailable)
rElec  .         Reflect  .     (no cloak)
rCorr  .         Harm     .     (no gloves)
MR     .....                    (no boots)
Stlth  ..........               u - amulet of guardian spirit (curse)
                                q - ring of positive energy
                                p - ring of poison resistance

@: no status effects
A: permanent stasis, dig shafts and tunnels, four strong arms, antennae 3
a: Dig, Shaft Self, Curse Item, Renounce Religion


You were on level 6 of the Dungeon.
You worshipped Ashenzari.
Ashenzari was noncommittal.
You were not hungry.

You visited 2 branches of the dungeon, and saw 7 of its levels.

You collected 245 gold pieces.
You spent 60 gold pieces at shops.

Inventory:

Hand Weapons
 C - a cursed +3 war axe (weapon)
Armour
 b - a cursed +0 plate armour (worn)
 c - a +0 shield
 y - a +0 large shield
 z - a cursed +2 large shield (worn)
Jewellery
 k - an uncursed amulet of faith
 p - a ring of poison resistance (left hand)
 q - a ring of positive energy (right hand)
 t - an uncursed ring of loudness
 u - a cursed amulet of guardian spirit (around neck)
 x - an uncursed amulet of regeneration
 B - an uncursed ring of positive energy
Wands
 e - a wand of iceblast (9/15)
 h - a wand of random effects (14/48)
 A - a wand of iceblast (7/15)
Scrolls
 i - 4 scrolls of identify {unknown}
 m - 2 scrolls of immolation {unknown}
 n - 4 scrolls of magic mapping {unknown}
 o - a scroll of amnesia {unknown}
 r - 3 scrolls of random uselessness {unknown}
 w - a scroll of teleportation {unknown}
Potions
 l - 2 potions of haste
 D - a potion of cancellation {unknown}
Comestibles
 d - a royal jelly
 f - 8 bread rations
 g - 3 fruits
 j - 2 meat rations


   Skills:
 + Level 5.6 Fighting
 + Level 4.8 Axes
 + Level 5.7 Armour
 * Level 7.8 Shields


You had 7 spell levels left.
You didn't know any spells.

Dungeon Overview and Level Annotations

Branches:
Dungeon (6/15)             Temple (1/1) D:5

Altars:
Ashenzari
Cheibriados
Dithmenos
Elyvilon
Fedhas
Gozag
Hepliaklqana
Kikubaaqudgha
Makhleb
Nemelex Xobeh
Okawaru
Qazlal
Ru
Sif Muna
Trog
Uskayaw
Vehumet
Xom
Zin
The Shining One

Shops:
D:4 %?[}


Innate Abilities, Weirdness & Mutations

You are under a permanent stasis effect.
You can dig through walls and to a lower floor.
Your four strong arms can wield two-handed weapons with a shield.
You have a pair of large antennae on your head. (SInv)


Message History

You miss the electric eel.
The electric eel is severely wounded.
Your plate armour prevents you from hitting the orc.
You slash the orc!
You kill the orc!
You hear a splash.
You block the orc's attack.
You hit the electric eel.
The electric eel is almost dead.
You closely miss the orc. You block the orc's attack.
The electric eel shoots out a bolt of lightning at you!
The bolt of electricity hits you!
* * * LOW HITPOINT WARNING * * *
Your shield and plate armour prevent you from hitting the electric eel.
The electric eel is almost dead.
You hit the orc. You closely miss the orc. You block the orc's attack.
The orc hits you but does no damage.
The electric eel shoots out a bolt of lightning at you!
The bolt of electricity hits you!
You die...

#....### #....######
♣≈≈PP≈# .#
#.........♣♣♣♣≈P≈≈≈♣#..#
###......≈♣♣P≈≈≈≈≈≈P≈#.#
........♣♣≈≈≈≈≈≈≈≈P≈≈P..
##.....♣PP≈≈≈≈≈≈≈≈≈≈P≈♣
##....≈≈≈≈≈≈≈≈≈≈≈≈≈P≈≈♣.
......≈≈≈≈≈≈P≈≈≈;≈≈≈≈...
.#.............†@o......
.#....♣≈≈≈≈≈≈≈≈≈≈o≈≈≈.≈#
#...♣≈≈≈≈≈≈≈≈≈≈≈≈≈≈P.≈≈
#..+≈≈≈≈≈≈P≈≈♣♣♣≈≈≈P.P♣
#.#.♣≈≈≈≈≈≈♣♣♣ ♣≈≈≈.≈≈
.....♣≈≈≈≈≈≈♣ ≈≈≈.≈≈
#... ♣≈≈≈≈≈≈♣ ≈≈≈.≈≈ ...
.≈≈≈≈♣♣≈ ≈≈≈.≈P # .♣≈♣.


You could see an electric eel and 2 orcs.

Vanquished Creatures
  Menkaure (D:6)
  An ice beast (D:5)
  2 ogres
  A centaur (D:5)
  A bullfrog (D:6)
  2 scorpions
  A howler monkey (D:4)
  A crimson imp (D:5)
  2 hounds (D:4)
  Jessica (D:3)
  2 worker ants (D:4)
  2 orc wizards (D:3)
  A howler monkey zombie (D:5)
  3 gnolls (D:3)
  8 adders
  2 shadow imps (D:5)
  An adder skeleton (D:4)
  4 worms
  2 dart slugs
  A leopard gecko (D:3)
  10 orcs
  5 bats
  4 hobgoblins
  7 jackals
  A quokka (D:5)
  2 ball pythons
  4 frilled lizards
  A goblin (D:1)
  A jackal skeleton (D:4)
  6 kobolds
  6 rats
86 creatures vanquished.

Vanquished Creatures (others)
  An adder (D:6)
1 creature vanquished.

Grand Total: 87 creatures vanquished

Notes
Turn   | Place    | Note
-------+----------+-------------------------------------------
     0 | D:1      | Millan the Formicid Fighter began the quest for the Orb.
     0 | D:1      | Reached XP level 1. HP: 18/18 MP: 1/1
   139 | D:1      | Reached XP level 2. HP: 21/24 MP: 2/2
   337 | D:1      | Reached skill level 4 in Shields
   491 | D:2      | Reached XP level 3. HP: 28/29 MP: 3/3
   955 | D:2      | Reached XP level 4. HP: 27/37 MP: 4/4
  1617 | D:3      | Reached XP level 5. HP: 27/42 MP: 2/5
  1801 | D:3      | Noticed Jessica
  1806 | D:3      | Killed Jessica
  1979 | D:3      | Reached skill level 5 in Shields
  2455 | D:3      | Reached XP level 6. HP: 48/48 MP: 6/6
  2476 | D:4      | Noticed an ogre
  2602 | D:4      | HP: 2/49 [ogre/giant club (5)]
  2603 | D:4      | Killed an ogre
  2899 | D:4      | Found Kuni's Magic Scroll Emporium.
  2905 | D:4      | Bought a scroll of remove curse for 30 gold pieces
  2905 | D:4      | Bought a scroll of remove curse for 30 gold pieces
  2941 | D:4      | Reached XP level 7. HP: 37/55 MP: 4/7
  3218 | D:4      | Found Limef's Gadget Emporium.
  3288 | D:4      | Reached skill level 6 in Shields
  3327 | D:4      | Found Qyptio's Armour Boutique.
  3532 | D:4      | Found Utsufa's Food Shoppe.
  3824 | D:5      | Entered Level 5 of the Dungeon
  3836 | D:5      | Reached skill level 5 in Fighting
  3836 | D:5      | Reached skill level 5 in Armour
  4011 | D:5      | Found a bloodstained altar of Trog.
  4054 | D:5      | Reached skill level 7 in Shields
  4054 | D:5      | Reached XP level 8. HP: 59/62 MP: 8/8
  4174 | D:5      | Found a staircase to the Ecumenical Temple.
  4354 | Temple   | Entered the Ecumenical Temple
  4360 | Temple   | Became a worshipper of Ashenzari the Shackled
  4830 | D:6      | Noticed Menkaure
  4848 | D:6      | Killed Menkaure
  5044 | D:6      | Killed from afar by an electric eel

Skill      XL: |  1  2  3  4  5  6  7 |
---------------+----------------------+-----
Shields        | 4 5 7 |  7.8
Armour         | 4 5 |  5.7
Fighting       | 4 5 |  5.6
Axes           | 3 4 |  4.8

Action                   |  1- 3 |  4- 6 |  7- 9 || total
-------------------------+-------+-------+-------++-------
Melee: War axe           |    72 |   161 |   152 ||   385
Invok: Curse Item        |       |       |     4 ||     4
 Abil: Dig               |       |     5 |     1 ||     6
  Use: Potion            |       |     7 |     2 ||     9
       Scroll            |       |       |     1 ||     1
  Eat: Chunk             |       |     6 |     3 ||     9
       Meat ration       |       |     1 |       ||     1
Armor: Scale mail        |    45 |       |       ||    45
       Plate armour      |       |    57 |    67 ||   124
       Chain mail        |       |     4 |       ||     4
Dodge: Dodged            |    28 |    40 |    24 ||    92
Block: Shield            |    42 |    99 |    64 ||   205
       Large shield      |       |       |    24 ||    24
